 Dungeon Crawl Stone Soup version 0.28.0-45-g0d030f2227 (webtiles) character file.

Game seed: 15774824652526709538

239 Iusername the Covered (level 5, 0/47 HPs)
             Began as a Minotaur Fighter on Apr 7, 2022.
             Hit by a boomerang thrown by an orc warrior (13 damage)
             ... on level 6 of the Dungeon.
             The game lasted 00:03:16 (2648 turns).

Iusername the Covered (Minotaur Fighter)            Turns: 2648, Time: 00:03:18

Health: 0/47       AC:  8    Str: 22    XL:     5   Next: 79%
Magic:  4/4        EV:  9    Int:  5    God:
Gold:   123        SH:  4    Dex: 10    Spells: 4/4 levels left

rFire   . . .      SeeInvis .   a - +0 long sword
rCold   . . .      Faith    .   c - +0 buckler
rNeg    . . .      Spirit   .   b - +0 scale mail
rPois   .          Reflect  .   (helmet restricted)
rElec   .          Harm     .   (no cloak)
rCorr   .          Rampage  .   i - +0 pair of gloves
Will    .....                   (no boots)
Stlth   ..........              (no amulet)
HPRegen 0.15/turn               (no ring)
MPRegen 0.09/turn               (no ring)

@: no status effects
A: horns 2, retaliatory headbutt
a: no special abilities


You were on level 6 of the Dungeon.
You visited 1 branch of the dungeon, and saw 4 of its levels.

You collected 123 gold pieces.

Inventory:

Hand Weapons
 a - a +0 long sword (weapon)
Armour
 b - a +0 scale mail (worn)
 c - a +0 buckler (worn)
 i - a +0 pair of gloves (worn)
Jewellery
 d - a ring of resist corrosion
Scrolls
 e - a scroll of enchant weapon {unknown}
 g - a scroll of vulnerability {unknown}
 m - a scroll of noise {unknown}
Potions
 f - 3 potions of curing {unknown}
 h - a potion of brilliance {unknown}
 j - a potion of lignification {unknown}
 k - a potion of mutation {unknown}
 l - 2 potions of flight {unknown}


   Skills:
 + Level 4.7 Fighting
 + Level 4.6 Long Blades
 + Level 5.1 Armour
 + Level 0.6 Dodging
 + Level 0.4 Stealth
 + Level 4.4 Shields


You had 4 spell levels left.
You didn't know any spells.
Your spell library was empty.

Dungeon Overview and Level Annotations

Branches:
Dungeon (3/15)

Altars:
Nemelex Xobeh

Shops:
D:1 (   D:2 (


Innate Abilities, Weirdness & Mutations

You have a pair of horns on your head.
You reflexively headbutt those who attack you in melee.


Message History

A wight is wielding a +5 falchion of freezing.
An orc warrior comes into view. It is wielding a +0 long sword.
The orc warrior shouts!
You hear a shout! x2
An orc comes into view. It is wielding a +0 flail.
An orc comes into view. It is wielding a +0 short sword.
There are monsters nearby!
There are monsters nearby! 2 wights come into view.
An orc wizard comes into view. It is wielding a +0 dagger.
A phantom comes into view.
The wight hits you with a +4 spear.
You feel drained.
The wight hits you with a +5 falchion of freezing.
You feel drained. The wight freezes you.
There are monsters nearby!
You closely miss the wight.
The orc shouts!
The orc wizard shouts!
You hear a bark!
The wight barely misses you. You furiously retaliate!
You headbutt the wight.
The wight hits you with a +5 falchion of freezing.
The wight freezes you.
You hear a shout!
There are monsters nearby!
You slash the wight!
You destroy the wight!
A hound comes into view.
The wight hits you with a +5 falchion of freezing!
You feel drained. The wight freezes you.
Your life force feels restored.
Your Armour skill increases to level 5!
There are monsters nearby!
You are too injured to fight recklessly!
Welcome back, Iusername the Minotaur Fighter.
Press ? for a list of commands and other information.
You hit the wight but do no damage. The wight barely misses you.
The orc warrior throws a boomerang.
The boomerang hits you!
* * * LOW HITPOINT WARNING * * *
You slash the wight!
The wight is severely damaged.
You block the wight's attack.
The orc warrior throws a boomerang.
The boomerang hits you!
You die...

....... ##.###.##
##.# ........#
#..##..# #..
........###.###.##
##. ...o....##..##..#
#. ..oho.<.##.###.##
## ..o.W...#..##..# #
#.......#.###.## #
..........##..#
.......@.###.##
####..z.[.#..#
#...z#.#.##
#..z..#.[.#
##....##.##
#....##..#
.....###.############
......#
#.............
##.###########


You could see an orc warrior, a phantom, a hound, 3 wights, an orc wizard and 2
orcs.

Vanquished Creatures
  An ice beast (D:6)
  2 wights (D:6)
  2 adders
  2 worms (D:2)
  2 dart slugs (D:3)
  3 ball pythons
  3 bats
  3 endoplasms
  3 giant cockroaches
  7 hobgoblins
  3 jackals (D:2)
  3 kobolds
  2 quokkas (D:1)
  A frilled lizard (D:1)
  A goblin (D:1)
  4 rats
42 creatures vanquished.

Notes
Turn   | Place    | Note
-------+----------+-------------------------------------------
     0 | D:1      | Iusername the Minotaur Fighter began the quest for the Orb.
     0 | D:1      | Reached XP level 1. HP: 19/19 MP: 0/0
   220 | D:1      | Reached skill level 4 in Armour
   220 | D:1      | Reached XP level 2. HP: 22/27 MP: 1/1
   467 | D:1      | Found Pistow's Antique Weapon Boutique.
   475 | D:1      | Found a faded altar of an unknown god.
   994 | D:2      | Reached XP level 3. HP: 33/33 MP: 2/2
  1096 | D:2      | Found a sparkling altar of Nemelex Xobeh.
  1138 | D:2      | Found Eskoam's Weapon Shop.
  2182 | D:3      | Reached XP level 4. HP: 39/41 MP: 3/3
  2305 | D:3      | You fall into a shaft and drop 3 floors!
  2561 | D:6      | Noticed an ice beast
  2575 | D:6      | Killed an ice beast
  2576 | D:6      | Reached XP level 5. HP: 42/47 MP: 4/4
  2643 | D:6      | Noticed an orc warrior
  2644 | D:6      | Noticed a phantom
  2647 | D:6      | Reached skill level 5 in Armour
  2648 | D:6      | Hit by a boomerang thrown by an orc warrior

Illustrated notes

Levels and vault maps discovered:
D:1:      dpeg_arrival_shelter, layout_loops_corners, serial_shops,
          nicolae_shop_hallway_plus, dreamdust_ecumenical_altar_statues,
          fountainhead
D:2:      layout_basic, serial_shops, shop_statue, basic_altar,
          serial_park_tiny_2
D:3:      layout_loops_corners
D:6:      layout_cave_pools, kennysheep_cross_bottleneck, minivault_5,
          nicolae_benzene_ring, minmay_bent

Skill      XL: |  1  2  3  4  5 |
---------------+----------------+-----
Armour         | 4 5 |  5.1
Shields        | 4 |  4.4
Fighting       | 4 |  4.7
Long Blades    | 3 4 |  4.6
Dodging        | |  0.6
Stealth        | |  0.4

Action                   |  1- 3 |  4- 6 || total
-------------------------+-------+-------++-------
Melee: Long sword        |    64 |    19 ||    83
       Headbutt          |    11 |     3 ||    14
  Use: Potion            |       |     1 ||     1
Armor: Scale mail        |    25 |    10 ||    35
Dodge: Dodged            |    30 |     7 ||    37
Block: Buckler           |     7 |     3 ||    10
